General information
- name: BNet
- type: Ladder team game (AT/RT)
- host: Battle.net
- saver: SMERBECK
map: FullScaleAssault
- players: 8
- length: 52:45
- speed: Fast
- version: 1.23 W3XP
- replay type: Public
» download(447 KB)
Players
team 1 (loser)
Cranky[1]Deank (
green | 116 APM | 6135 actions | 52:44)
7 Death Knight
3 Death Coil
3 Unholy Aura
1 Animate Dead
2 Lich
1 Frost Nova
1 Dark Ritual
» actions
| Assign group hotkey | 28 | |
| Basic commands | 76 | |
| Build / train | 95 | |
| Enter build submenu | 21 | |
| Enter hero's abilities submenu | 12 | |
| Give item / drop item | 3 | |
| Right click | 2337 | |
| Select / deselect | 603 | |
| Select group hotkey | 2755 | |
| Use ability | 205 | |
6135 total
» units
| Acolyte | 10 | |
| Ghoul | 2 | |
| Crypt Fiend | 12 | |
| Frost Wyrm | 16 | |
40 total
» upgrades
| Creature Attack | 3 | |
| Web | 1 | |
| Burrow | 1 | |
| Freezing Breath | 1 | |
| Creature Carapace | 3 | |
9 total
» buildings
| Graveyard | 1 | |
| Crypt | 2 | |
| Altar of Darkness | 1 | |
| Ziggurat | 9 | |
| Tomb of Relics | 1 | |
| Nerubian Tower | 1 | |
| Halls of the Dead | 3 | |
| Sacrificial Pit | 1 | |
| Black Citadel | 2 | |
| Spirit Tower | 9 | |
| Boneyard | 3 | |
33 total
» build order
00:09 Graveyard
00:13 Crypt
00:36 Altar of Darkness
00:40 Ziggurat
00:56 Tomb of Relics
01:06 Crypt
01:26 Ziggurat
01:32 Nerubian Tower
01:55 Ziggurat
03:14 Halls of the Dead
03:15 Halls of the Dead
04:43 Ziggurat
05:55 Sacrificial Pit
06:28 Black Citadel
06:29 Black Citadel
07:19 Spirit Tower
08:04 Ziggurat
08:06 Ziggurat
08:09 Ziggurat
08:10 Ziggurat
08:13 Ziggurat
08:52 Boneyard
08:54 Boneyard
08:57 Boneyard
09:42 Spirit Tower
09:43 Spirit Tower
09:45 Spirit Tower
18:04 Spirit Tower
18:05 Spirit Tower
18:06 Spirit Tower
18:07 Spirit Tower
» items
| Rod of Necromancy | 1 | |
| Dust of Appearance | 2 | |
| Potion of Lesser Invulnerability | 1 | |
| Scroll of Town Portal | 3 | |
| Orb of Corruption | 1 | |
8 total
K-s9.HelariouS (
yellow | 33 APM | 1706 actions | 52:13)
6 Warden
2 Shadow Strike
3 Fan of Knives
1 Spirit of Vengeance
» actions
| Build / train | 117 | |
| Enter build submenu | 25 | |
| Enter hero's abilities submenu | 6 | |
| Give item / drop item | 2 | |
| Remove unit from queue | 10 | |
| Right click | 902 | |
| Select / deselect | 551 | |
| Use ability | 93 | |
1706 total
» units
| Wisp | 33 | |
| Hippogryph | 5 | |
| Archer | 6 | |
| Faerie Dragon | 18 | |
| Chimaera | 9 | |
71 total
» upgrades
| Strength of the Wild | 3 | |
| Reinforced Hides | 4 | |
| Ultravision | 1 | |
| Hippogryph Taming | 1 | |
| Improved Bows | 1 | |
| Marksmanship | 1 | |
| Well Spring | 1 | |
| Corrosive Breath | 1 | |
13 total
» buildings
| Altar of Elders | 1 | |
| Moon Well | 6 | |
| Tree of Life | 2 | |
| Tree of Ages | 1 | |
| Hunter's Hall | 1 | |
| Ancient of Wonders | 1 | |
| Ancient of Wind | 3 | |
| Ancient Protector | 2 | |
| Ancient of War | 1 | |
| Tree of Eternity | 1 | |
| Chimaera Roost | 3 | |
22 total
» build order
00:08 Altar of Elders
00:13 Moon Well
03:00 Moon Well
03:40 Moon Well
05:05 Tree of Life
06:12 Tree of Ages
07:17 Moon Well
07:53 Hunter's Hall
08:26 Ancient of Wonders
09:04 Ancient of Wind
09:07 Ancient of Wind
09:10 Ancient of Wind
09:20 Ancient Protector
09:25 Ancient Protector
11:07 Moon Well
11:11 Moon Well
11:35 Ancient of War
12:06 Tree of Eternity
21:59 Chimaera Roost
22:04 Chimaera Roost
22:08 Chimaera Roost
24:37 Tree of Life
» items
| Potion of Mana | 1 | |
| Potion of Healing | 3 | |
| Dust of Appearance | 1 | |
| Scroll of Town Portal | 6 | |
| Orb of Venom | 1 | |
| Moonstone | 1 | |
13 total
u-esports.dark (
blue | 47 APM | 2463 actions | 52:19)
5 Demon Hunter
3 Mana Burn
2 Evasion
» actions
| Assign group hotkey | 5 | |
| Basic commands | 33 | |
| Build / train | 89 | |
| Enter build submenu | 29 | |
| Enter hero's abilities submenu | 5 | |
| Give item / drop item | 6 | |
| Right click | 1321 | |
| Select / deselect | 686 | |
| Select group hotkey | 190 | |
| Use ability | 99 | |
2463 total
» units
| Wisp | 40 | |
| Goblin Sapper | 2 | |
| Glaive Thrower | 3 | |
| Archer | 14 | |
| Goblin Zeppelin | 5 | |
| Blue Dragon | 1 | |
65 total
» upgrades
| Strength of the Moon | 3 | |
| Moon Armor | 3 | |
| Vorpal Blades | 1 | |
| Improved Bows | 1 | |
| Marksmanship | 1 | |
| Well Spring | 1 | |
| Ultravision | 1 | |
11 total
» buildings
| Altar of Elders | 1 | |
| Moon Well | 7 | |
| Ancient of Wonders | 1 | |
| Tree of Life | 5 | |
| Hunter's Hall | 1 | |
| Tree of Ages | 1 | |
| Ancient of War | 5 | |
| Tree of Eternity | 1 | |
| Ancient of Wind | 2 | |
24 total
» build order
00:02 Altar of Elders
00:12 Moon Well
02:03 Ancient of Wonders
05:23 Tree of Life
05:35 Tree of Life
05:44 Moon Well
06:34 Tree of Life
10:02 Hunter's Hall
10:03 Tree of Ages
10:52 Moon Well
10:56 Moon Well
11:00 Ancient of War
11:03 Ancient of War
11:07 Ancient of War
11:56 Moon Well
13:31 Ancient of War
13:33 Ancient of War
14:50 Tree of Eternity
16:59 Moon Well
18:24 Moon Well
20:54 Ancient of Wind
21:01 Ancient of Wind
29:01 Tree of Life
32:39 Tree of Life
» items
| Dust of Appearance | 1 | |
| Boots of Speed | 1 | |
| Scroll of Town Portal | 2 | |
| Orb of Venom | 1 | |
5 total
u-esports.LuTzi (
purple | 64 APM | 3337 actions | 52:17)
7 Death Knight
3 Death Coil
3 Unholy Aura
1 Animate Dead
6 Lich
3 Frost Nova
2 Frost Armor
1 Death and Decay
» actions
| Assign group hotkey | 298 | |
| Build / train | 83 | |
| Enter build submenu | 30 | |
| Enter hero's abilities submenu | 13 | |
| Give item / drop item | 12 | |
| Remove unit from queue | 8 | |
| Right click | 1810 | |
| Select / deselect | 610 | |
| Select group hotkey | 292 | |
| Use ability | 179 | |
3337 total
» units
| Acolyte | 16 | |
| Ghoul | 1 | |
| Crypt Fiend | 6 | |
| Goblin Zeppelin | 4 | |
| Frost Wyrm | 10 | |
37 total
» upgrades
| Creature Attack | 3 | |
| Creature Carapace | 2 | |
| Web | 1 | |
| Freezing Breath | 1 | |
7 total
» buildings
| Graveyard | 2 | |
| Crypt | 2 | |
| Altar of Darkness | 1 | |
| Ziggurat | 19 | |
| Tomb of Relics | 1 | |
| Halls of the Dead | 1 | |
| Black Citadel | 1 | |
| Sacrificial Pit | 1 | |
| Nerubian Tower | 2 | |
| Boneyard | 3 | |
| Necropolis | 4 | |
37 total
» build order
00:09 Graveyard
00:21 Crypt
00:31 Altar of Darkness
00:49 Ziggurat
01:03 Crypt
01:20 Tomb of Relics
01:34 Ziggurat
03:25 Ziggurat
03:27 Halls of the Dead
06:04 Black Citadel
06:07 Sacrificial Pit
07:42 Nerubian Tower
07:45 Ziggurat
07:56 Ziggurat
09:00 Boneyard
09:01 Boneyard
09:03 Boneyard
12:57 Ziggurat
12:58 Ziggurat
12:58 Ziggurat
12:59 Ziggurat
13:00 Ziggurat
13:11 Necropolis
34:42 Necropolis
37:55 Necropolis
42:14 Necropolis
45:28 Ziggurat
45:39 Ziggurat
45:57 Ziggurat
47:17 Ziggurat
47:18 Ziggurat
47:19 Ziggurat
47:20 Ziggurat
47:21 Ziggurat
47:35 Ziggurat
48:14 Graveyard
48:43 Nerubian Tower
» items
| Rod of Necromancy | 1 | |
| Potion of Healing | 2 | |
| Potion of Mana | 2 | |
| Scroll of Town Portal | 8 | |
| Orb of Corruption | 1 | |
14 total
team 2 (winner)
BEEBOOPIMAROBOT (
red | 113 APM | 5948 actions | 52:44)
8 Blademaster
3 Wind Walk
3 Critical Strike
1 Bladestorm
1 Mirror Image
6 Tauren Chieftain
2 Shockwave
3 Endurance Aura
1 Reincarnation
5 Pandaren Brewmaster
3 Breath of Fire
2 Drunken Haze
» actions
| Assign group hotkey | 26 | |
| Basic commands | 67 | |
| Build / train | 150 | |
| ESC pressed | 22 | |
| Enter build submenu | 37 | |
| Enter hero's abilities submenu | 20 | |
| Give item / drop item | 5 | |
| Remove unit from queue | 12 | |
| Right click | 2828 | |
| Select / deselect | 642 | |
| Select group hotkey | 1529 | |
| Use ability | 609 | |
5948 total
» units
| Peon | 8 | |
| Troll Batrider | 41 | |
| Shaman | 6 | |
| Blue Dragon | 6 | |
| Wind Rider | 2 | |
| Kodo Beast | 1 | |
| Spirit Walker | 2 | |
| Troll Witch Doctor | 2 | |
68 total
» upgrades
| Ranged Weapons | 3 | |
| Armor | 3 | |
| Shaman Training | 2 | |
| Liquid Fire | 1 | |
| Reinforced Defenses | 1 | |
| Envenomed Spears | 1 | |
| War Drums Damage Increase | 1 | |
| Spirit Walker Training | 2 | |
| Witch Doctor Training | 2 | |
16 total
» buildings
| Altar of Storms | 2 | |
| Orc Burrow | 9 | |
| War Mill | 1 | |
| Watch Tower | 11 | |
| Voodoo Lounge | 3 | |
| Stronghold | 2 | |
| Beastiary | 6 | |
| Spirit Lodge | 1 | |
| Fortress | 2 | |
37 total
» build order
00:07 Altar of Storms
00:16 Orc Burrow
00:26 War Mill
01:43 Watch Tower
01:56 Watch Tower
02:01 Voodoo Lounge
02:24 Orc Burrow
03:09 Watch Tower
03:12 Watch Tower
03:32 Stronghold
04:43 Watch Tower
04:51 Watch Tower
05:45 Orc Burrow
06:12 Beastiary
06:14 Beastiary
06:23 Spirit Lodge
06:29 Beastiary
07:11 Voodoo Lounge
08:26 Watch Tower
08:27 Watch Tower
09:01 Orc Burrow
09:05 Orc Burrow
09:26 Fortress
12:26 Orc Burrow
12:30 Orc Burrow
12:32 Orc Burrow
15:51 Beastiary
15:52 Beastiary
15:55 Beastiary
17:13 Voodoo Lounge
17:18 Watch Tower
17:18 Watch Tower
17:19 Watch Tower
41:32 Altar of Storms
41:59 Orc Burrow
» items
| Boots of Speed | 2 | |
| Staff of Teleportation | 3 | |
| Periapt of Vitality | 2 | |
| Circlet of Nobility | 1 | |
| Lesser Clarity Potion | 1 | |
| Healing Salve | 1 | |
| Scroll of Town Portal | 3 | |
| Orb of Lightning | 3 | |
| Staff of Sanctuary | 2 | |
18 total
MyCreation (
pink | 42 APM | 2221 actions | 52:44)
7 Pandaren Brewmaster
3 Breath of Fire
3 Drunken Brawler
1 Storm Earth and Fire
» actions
| Assign group hotkey | 17 | |
| Basic commands | 25 | |
| Build / train | 168 | |
| Enter build submenu | 83 | |
| Enter hero's abilities submenu | 7 | |
| Give item / drop item | 3 | |
| Right click | 1116 | |
| Select / deselect | 417 | |
| Select group hotkey | 139 | |
| Use ability | 246 | |
2221 total
» units
| Peasant | 29 | |
| Dragonhawk Rider | 9 | |
| Goblin Sapper | 8 | |
| Goblin Zeppelin | 2 | |
| Goblin Shredder | 2 | |
50 total
» upgrades
| Masonry | 3 | |
| Armor | 3 | |
| Animal War Training | 1 | |
| Cloud | 1 | |
| Magic Sentry | 1 | |
| Swords | 3 | |
12 total
» buildings
| Lumber Mill | 1 | |
| Scout Tower | 122 | |
| Farm | 11 | |
| Guard Tower | 81 | |
| Arcane Tower | 3 | |
| Altar of Kings | 2 | |
| Arcane Vault | 2 | |
| Blacksmith | 1 | |
| Keep | 4 | |
| Castle | 2 | |
| Gryphon Aviary | 6 | |
| Barracks | 1 | |
| Arcane Sanctum | 1 | |
| Town Hall | 3 | |
240 total
» build order
00:26 Lumber Mill
01:21 Scout Tower
01:22 Scout Tower
01:27 Scout Tower
01:29 Scout Tower
01:31 Scout Tower
01:35 Scout Tower
01:37 Scout Tower
01:46 Farm
02:08 Guard Tower
02:34 Farm
02:40 Arcane Tower
03:02 Guard Tower
03:02 Guard Tower
03:15 Scout Tower
03:25 Guard Tower
03:28 Scout Tower
03:31 Scout Tower
03:35 Scout Tower
03:39 Scout Tower
03:41 Scout Tower
03:42 Scout Tower
03:47 Altar of Kings
03:56 Scout Tower
04:03 Arcane Tower
04:06 Guard Tower
04:25 Guard Tower
04:30 Arcane Tower
04:32 Arcane Vault
04:36 Blacksmith
04:45 Guard Tower
05:26 Scout Tower
05:30 Scout Tower
05:33 Keep
05:45 Scout Tower
05:47 Scout Tower
05:49 Scout Tower
06:22 Guard Tower
06:28 Scout Tower
06:41 Scout Tower
06:41 Scout Tower
06:46 Scout Tower
06:47 Scout Tower
07:03 Guard Tower
07:03 Guard Tower
07:54 Guard Tower
07:59 Scout Tower
08:01 Scout Tower
08:02 Scout Tower
08:03 Scout Tower
08:05 Scout Tower
08:07 Guard Tower
08:07 Guard Tower
08:20 Castle
08:23 Gryphon Aviary
08:24 Gryphon Aviary
08:31 Barracks
08:45 Guard Tower
08:45 Guard Tower
09:01 Scout Tower
09:07 Scout Tower
09:08 Scout Tower
09:09 Scout Tower
09:11 Scout Tower
09:15 Guard Tower
09:49 Scout Tower
09:50 Scout Tower
09:52 Scout Tower
09:54 Scout Tower
09:55 Scout Tower
11:11 Guard Tower
11:11 Guard Tower
11:14 Guard Tower
11:16 Scout Tower
11:18 Scout Tower
11:19 Scout Tower
11:21 Scout Tower
11:25 Farm
11:26 Farm
11:26 Farm
11:32 Farm
11:34 Farm
11:37 Farm
11:44 Guard Tower
11:45 Guard Tower
12:07 Guard Tower
12:18 Guard Tower
12:18 Guard Tower
12:34 Scout Tower
12:36 Scout Tower
12:38 Scout Tower
12:39 Scout Tower
12:40 Scout Tower
12:42 Guard Tower
13:15 Arcane Sanctum
13:34 Guard Tower
13:34 Guard Tower
13:37 Scout Tower
13:53 Guard Tower
13:57 Guard Tower
13:58 Guard Tower
14:06 Guard Tower
14:16 Guard Tower
14:16 Guard Tower
14:16 Guard Tower
14:36 Guard Tower
14:40 Scout Tower
14:42 Scout Tower
14:44 Scout Tower
14:53 Guard Tower
14:55 Scout Tower
14:56 Scout Tower
14:58 Scout Tower
14:59 Scout Tower
15:40 Guard Tower
15:40 Guard Tower
15:48 Scout Tower
15:50 Scout Tower
15:51 Scout Tower
15:52 Scout Tower
15:55 Scout Tower
16:04 Guard Tower
16:04 Guard Tower
16:09 Guard Tower
16:09 Guard Tower
16:34 Guard Tower
16:55 Guard Tower
17:09 Guard Tower
17:16 Guard Tower
17:31 Guard Tower
17:33 Scout Tower
17:35 Scout Tower
17:37 Scout Tower
17:39 Scout Tower
17:40 Scout Tower
17:42 Scout Tower
17:43 Scout Tower
18:10 Guard Tower
18:34 Guard Tower
18:36 Guard Tower
18:36 Guard Tower
21:08 Town Hall
21:47 Altar of Kings
21:50 Farm
21:54 Farm
21:55 Farm
25:30 Arcane Vault
25:34 Scout Tower
25:35 Scout Tower
25:36 Scout Tower
26:03 Scout Tower
26:04 Scout Tower
26:07 Scout Tower
26:09 Scout Tower
26:12 Scout Tower
26:13 Scout Tower
26:20 Scout Tower
26:21 Scout Tower
26:22 Scout Tower
26:24 Scout Tower
26:25 Scout Tower
26:26 Scout Tower
26:27 Scout Tower
26:29 Scout Tower
26:31 Scout Tower
27:09 Guard Tower
27:09 Guard Tower
27:18 Keep
27:32 Guard Tower
28:50 Town Hall
29:57 Scout Tower
29:58 Scout Tower
30:00 Scout Tower
30:01 Scout Tower
30:02 Scout Tower
30:04 Scout Tower
30:05 Scout Tower
30:06 Scout Tower
30:09 Scout Tower
30:10 Scout Tower
30:11 Scout Tower
30:13 Scout Tower
30:14 Scout Tower
30:16 Scout Tower
30:17 Scout Tower
30:18 Scout Tower
30:26 Keep
30:30 Guard Tower
31:58 Guard Tower
32:02 Guard Tower
32:20 Guard Tower
32:37 Guard Tower
32:44 Guard Tower
32:57 Castle
33:02 Gryphon Aviary
33:32 Gryphon Aviary
33:33 Gryphon Aviary
33:35 Gryphon Aviary
36:46 Scout Tower
36:47 Scout Tower
36:48 Scout Tower
36:50 Scout Tower
36:51 Scout Tower
36:53 Scout Tower
36:54 Scout Tower
36:56 Scout Tower
36:58 Scout Tower
36:58 Scout Tower
37:01 Scout Tower
37:01 Scout Tower
37:04 Scout Tower
37:06 Scout Tower
37:07 Scout Tower
37:08 Scout Tower
37:10 Scout Tower
37:11 Scout Tower
37:12 Scout Tower
37:43 Guard Tower
37:43 Guard Tower
38:29 Guard Tower
38:29 Guard Tower
38:47 Guard Tower
39:45 Guard Tower
39:50 Guard Tower
40:24 Guard Tower
40:24 Guard Tower
40:42 Guard Tower
40:42 Guard Tower
40:43 Guard Tower
47:50 Town Hall
» items
| Healing Salve | 1 | |
| Lesser Clarity Potion | 1 | |
| Orb of Lightning | 1 | |
| Scroll of Town Portal | 2 | |
| Staff of Teleportation | 1 | |
6 total
SMERBECK (
teal | 45 APM | 2383 actions | 52:45)
6 Goblin Tinker
3 Pocket Factory
2 Engineering Upgrade
1 Robo-Goblin
» actions
| Basic commands | 194 | |
| Build / train | 153 | |
| ESC pressed | 12 | |
| Enter build submenu | 61 | |
| Enter hero's abilities submenu | 6 | |
| Give item / drop item | 8 | |
| Remove unit from queue | 8 | |
| Right click | 1316 | |
| Select / deselect | 467 | |
| Use ability | 158 | |
2383 total
» units
» buildings
| Altar of Elders | 2 | |
| Moon Well | 37 | |
| Tree of Ages | 4 | |
| Tree of Life | 9 | |
| Hunter's Hall | 2 | |
| Ancient of Wonders | 2 | |
| Tree of Eternity | 2 | |
58 total
» build order
00:16 Altar of Elders
00:24 Moon Well
02:42 Moon Well
02:44 Moon Well
05:21 Tree of Ages
05:21 Tree of Ages
06:16 Tree of Life
06:50 Hunter's Hall
08:21 Ancient of Wonders
13:19 Tree of Life
13:51 Moon Well
14:32 Tree of Life
15:44 Tree of Life
16:18 Ancient of Wonders
16:32 Tree of Ages
16:33 Tree of Ages
20:31 Moon Well
20:33 Moon Well
23:09 Tree of Life
23:12 Tree of Life
23:58 Tree of Life
24:04 Tree of Life
26:30 Tree of Life
34:46 Moon Well
34:48 Moon Well
34:49 Moon Well
34:58 Moon Well
35:03 Moon Well
35:06 Moon Well
35:08 Moon Well
35:11 Moon Well
35:14 Moon Well
35:16 Moon Well
35:18 Moon Well
35:35 Moon Well
36:05 Moon Well
36:08 Moon Well
36:14 Altar of Elders
36:16 Moon Well
36:17 Moon Well
36:19 Moon Well
36:37 Moon Well
36:40 Moon Well
36:41 Moon Well
36:41 Moon Well
36:43 Moon Well
36:43 Moon Well
36:44 Moon Well
37:28 Tree of Eternity
37:28 Tree of Eternity
38:30 Moon Well
38:37 Moon Well
38:38 Moon Well
38:38 Moon Well
39:24 Moon Well
39:25 Moon Well
39:35 Moon Well
39:53 Hunter's Hall
» items
| Boots of Speed | 1 | |
| Staff of Teleportation | 1 | |
| Circlet of Nobility | 3 | |
| Potion of Invisibility | 1 | |
| Scroll of Regeneration | 2 | |
| Scroll of Town Portal | 2 | |
| Mechanical Critter | 3 | |
| Orb of Lightning | 1 | |
| Potion of Lesser Invulnerability | 1 | |
15 total
TIMG4STRok (
orange | 100 APM | 5293 actions | 52:44)
8 Archmage
3 Blizzard
3 Brilliance Aura
1 Mass Teleport
1 Summon Water Elemental
7 Paladin
3 Holy Light
1 Divine Shield
3 Devotion Aura
» actions
| Assign group hotkey | 26 | |
| Basic commands | 93 | |
| Build / train | 131 | |
| ESC pressed | 10 | |
| Enter build submenu | 91 | |
| Enter hero's abilities submenu | 16 | |
| Give item / drop item | 12 | |
| Right click | 2264 | |
| Select / deselect | 396 | |
| Select group hotkey | 1815 | |
| Use ability | 436 | |
5293 total
» units
| Peasant | 16 | |
| Goblin Zeppelin | 1 | |
| Dragonhawk Rider | 19 | |
36 total
» upgrades
| Masonry | 3 | |
| Magic Sentry | 1 | |
| Armor | 3 | |
| Lumber Harvesting | 2 | |
| Animal War Training | 1 | |
| Swords | 5 | |
| Cloud | 1 | |
16 total
» buildings
| Farm | 10 | |
| Altar of Kings | 1 | |
| Lumber Mill | 2 | |
| Scout Tower | 111 | |
| Arcane Tower | 2 | |
| Guard Tower | 43 | |
| Town Hall | 1 | |
| Arcane Vault | 2 | |
| Keep | 1 | |
| Gryphon Aviary | 2 | |
| Arcane Sanctum | 1 | |
| Blacksmith | 2 | |
| Castle | 1 | |
| Barracks | 1 | |
180 total
» build order
00:33 Farm
00:50 Altar of Kings
00:52 Farm
01:10 Lumber Mill
01:31 Scout Tower
01:53 Scout Tower
01:59 Arcane Tower
02:01 Scout Tower
02:16 Scout Tower
02:35 Guard Tower
02:36 Scout Tower
02:38 Guard Tower
02:47 Guard Tower
02:49 Scout Tower
03:11 Scout Tower
03:12 Guard Tower
03:24 Scout Tower
03:24 Scout Tower
03:25 Guard Tower
03:58 Guard Tower
04:09 Scout Tower
04:11 Scout Tower
04:22 Scout Tower
04:23 Scout Tower
04:24 Guard Tower
04:41 Guard Tower
05:45 Town Hall
05:51 Arcane Vault
05:56 Guard Tower
05:57 Scout Tower
05:58 Guard Tower
06:20 Guard Tower
06:23 Scout Tower
06:24 Scout Tower
06:25 Scout Tower
06:28 Scout Tower
06:31 Scout Tower
06:32 Guard Tower
06:49 Keep
06:52 Scout Tower
07:03 Guard Tower
07:06 Scout Tower
07:39 Guard Tower
07:40 Farm
07:41 Farm
07:42 Farm
07:43 Farm
08:09 Scout Tower
08:11 Scout Tower
08:15 Guard Tower
08:17 Scout Tower
08:39 Guard Tower
08:42 Scout Tower
08:43 Scout Tower
08:46 Scout Tower
08:51 Guard Tower
08:53 Scout Tower
09:13 Gryphon Aviary
09:15 Gryphon Aviary
09:18 Guard Tower
09:25 Arcane Sanctum
09:27 Guard Tower
09:35 Blacksmith
10:08 Farm
10:09 Farm
11:43 Farm
11:43 Farm
11:47 Scout Tower
11:48 Scout Tower
11:49 Scout Tower
11:49 Scout Tower
11:50 Scout Tower
11:51 Scout Tower
11:52 Scout Tower
11:53 Scout Tower
12:06 Scout Tower
12:07 Scout Tower
12:07 Scout Tower
12:08 Scout Tower
12:08 Scout Tower
12:09 Scout Tower
12:11 Scout Tower
12:11 Scout Tower
12:17 Castle
12:21 Barracks
12:30 Guard Tower
12:52 Guard Tower
14:05 Guard Tower
14:10 Guard Tower
14:19 Scout Tower
14:19 Scout Tower
14:21 Scout Tower
14:22 Scout Tower
14:23 Scout Tower
14:24 Scout Tower
14:25 Scout Tower
14:25 Scout Tower
15:21 Guard Tower
15:30 Guard Tower
15:48 Scout Tower
15:49 Scout Tower
15:50 Scout Tower
15:51 Scout Tower
15:51 Scout Tower
15:52 Scout Tower
16:03 Scout Tower
16:04 Scout Tower
16:06 Scout Tower
16:07 Scout Tower
16:08 Scout Tower
16:09 Scout Tower
16:09 Scout Tower
16:10 Scout Tower
16:16 Guard Tower
16:18 Scout Tower
16:18 Scout Tower
16:19 Scout Tower
16:20 Scout Tower
16:21 Scout Tower
16:22 Scout Tower
16:23 Scout Tower
16:24 Scout Tower
16:48 Guard Tower
16:57 Guard Tower
17:02 Guard Tower
17:06 Guard Tower
17:13 Guard Tower
17:16 Guard Tower
18:04 Guard Tower
18:09 Guard Tower
18:13 Scout Tower
18:14 Scout Tower
18:14 Scout Tower
18:16 Scout Tower
18:17 Scout Tower
18:18 Scout Tower
18:20 Guard Tower
18:23 Scout Tower
18:24 Scout Tower
18:25 Scout Tower
18:26 Scout Tower
18:26 Scout Tower
19:22 Guard Tower
19:25 Scout Tower
19:26 Scout Tower
19:27 Scout Tower
19:27 Scout Tower
19:35 Scout Tower
19:38 Guard Tower
19:47 Guard Tower
19:47 Guard Tower
20:17 Guard Tower
20:18 Guard Tower
20:22 Lumber Mill
21:15 Scout Tower
21:17 Scout Tower
22:05 Blacksmith
22:13 Guard Tower
25:04 Arcane Vault
32:53 Scout Tower
32:54 Scout Tower
32:55 Scout Tower
32:55 Scout Tower
32:57 Scout Tower
32:58 Scout Tower
34:45 Guard Tower
37:03 Scout Tower
37:03 Scout Tower
37:04 Scout Tower
37:04 Scout Tower
37:05 Scout Tower
37:07 Scout Tower
37:09 Scout Tower
37:09 Scout Tower
37:09 Scout Tower
37:10 Scout Tower
37:10 Scout Tower
37:11 Scout Tower
37:11 Scout Tower
38:43 Arcane Tower
» items
| Staff of Teleportation | 2 | |
| Boots of Speed | 2 | |
| Potion of Mana | 1 | |
| Potion of Healing | 2 | |
| Staff of Sanctuary | 2 | |
| Orb of Lightning | 2 | |
| Periapt of Vitality | 2 | |
13 total
Chat log
(00:17 / Allies) TIMG4STRok: BEBOP
(00:29 / Allies) SMERBECK: i got ya wood
(00:31 / Allies) BEEBOOPIMAROBOT: SUP
(00:33 / Allies) SMERBECK: and ya gold you edge people
(00:40 / Allies) TIMG4STRok: i got your wood right here.. heh heh heh
(00:45 / Allies) SMERBECK: heh heh heh
(00:55 / Allies) MyCreation: i dont get it
(00:59 / Allies) SMERBECK: you will
(01:01 / Allies) SMERBECK: soon enough
(01:03 / Allies) TIMG4STRok: i got your zerg right here
(01:05 / Allies) TIMG4STRok: heh heh heh
(01:07 / Allies) SMERBECK: heh heh heh
(01:16 / Allies) MyCreation: makes no sense
(01:17 / Allies) TIMG4STRok: thats the funniest fuckin video
(01:25 / Allies) TIMG4STRok: you obv never played sc...
(01:25 / Allies) SMERBECK: it will make sense soon
(01:27 / Allies) SMERBECK: just be patient
(01:59 / Allies) MyCreation: damn it red
(02:09 / Allies) TIMG4STRok: HE NAMe is nadman.
(02:10 / Allies) SMERBECK: damn it jim
(02:13 / Allies) BEEBOOPIMAROBOT: GIRL
(02:13 / Allies) SMERBECK: in a doctor
(02:14 / Allies) BEEBOOPIMAROBOT: I WAS DOIN THIS
(02:16 / Allies) BEEBOOPIMAROBOT: EBFORE YOU WERE BORN
(02:22 / Allies) MyCreation: o
(02:23 / Allies) TIMG4STRok: yo fun fact
(02:24 / Allies) MyCreation: rly
(02:31 / Allies) TIMG4STRok: you playing with 2 of the founding members of team awesome
(02:45 / Allies) BEEBOOPIMAROBOT: didnt we get to liek rank 4
(02:46 / Allies) BEEBOOPIMAROBOT: of 4v4
(02:48 / Allies) SMERBECK: dare i say...
(02:50 / Allies) SMERBECK: awesome
(02:51 / Allies) BEEBOOPIMAROBOT: by only making towers
(02:51 / Allies) TIMG4STRok: yeah
(02:57 / Allies) MyCreation: too bad one of them doesnt know how to not draw creeps on FSA
(03:08 / Allies) SMERBECK: chest shot
(03:09 / Allies) TIMG4STRok: we had like 31-4 record
(03:10 / Allies) SMERBECK: not even headshot
(03:15 / Allies) TIMG4STRok: with steelhound
(03:16 / Allies) TIMG4STRok: of all peeps
(04:56 / Allies) BEEBOOPIMAROBOT: yo space out your towers a bit
(04:56 / Allies) TIMG4STRok: we gotta take mountain expos asp
(04:58 / Allies) TIMG4STRok: asap
(04:59 / Allies) BEEBOOPIMAROBOT: for frost wyrms
(05:17 / Allies) MyCreation: pandas r cute
(05:22 / Allies) SMERBECK: very much so
(05:43 / All) K-s9.HelariouS: LOL
(05:44 / All) Cranky[1]Deank: do u like td?
(05:50 / All) K-s9.HelariouS: stop at go tetris
(06:03 / All) MyCreation: NO TOWERS IN TETRIS
(06:03 / All) SMERBECK: stop bastardizing english you filthy gook
(06:05 / All) MyCreation: FUCKING IDIOT
(06:05 / Allies) TIMG4STRok: stop at go tetris
(06:13 / All) MyCreation: SHUT YOUR NIGGER MOUTH
(06:19 / Allies) BEEBOOPIMAROBOT: gimme money
(06:20 / Allies) BEEBOOPIMAROBOT: and gold
(06:24 / Allies) BEEBOOPIMAROBOT: and lum
(06:33 / Allies) MyCreation: ask the noob elf
(06:38 / Allies) MyCreation: [o]_[o]
(06:42 / Allies) TIMG4STRok: we gotta take mountains!!!!
(06:54 / Allies) TIMG4STRok: source me keith
(07:09 / Allies) SMERBECK: need another hero here
(07:12 / Allies) SMERBECK: hrm
(07:14 / Allies) SMERBECK: maybe not
(08:04 / Allies) SMERBECK: evrage dual elf feed
(08:07 / Allies) SMERBECK: they'll be hitting soon
(08:12 / Allies) SMERBECK: in about 3-4 minutes with 80/80 wyrms
(08:31 / Allies) TIMG4STRok: wood me
(08:39 / Allies) MyCreation: wyrms r stinky
(08:41 / All) K-s9.HelariouS: mass air? xD
(08:41 / Allies) BEEBOOPIMAROBOT: source me
(08:43 / Allies) BEEBOOPIMAROBOT: both
(08:44 / Allies) BEEBOOPIMAROBOT: gold
(08:44 / Allies) BEEBOOPIMAROBOT: tnos
(08:50 / All) MyCreation: MASS STFU
(09:00 / Allies) SMERBECK: tower below
(09:01 / Allies) SMERBECK: my expo
(09:02 / Allies) SMERBECK: too..
(09:16 / Allies) SMERBECK: all the way down
(09:19 / Allies) TIMG4STRok: more
(09:20 / Allies) TIMG4STRok: wood
(09:22 / All) Cranky[1]Deank: creation u liite outbirth of u gay mother
(09:31 / Allies) BEEBOOPIMAROBOT: gimme
(09:32 / Allies) BEEBOOPIMAROBOT: tons
(09:33 / Allies) BEEBOOPIMAROBOT: of shit
(09:34 / Allies) BEEBOOPIMAROBOT: i need
(09:39 / Allies) TIMG4STRok: wood
(09:41 / All) MyCreation: SHUT UP NIGGER DONT TRY TO USE ENGLISH
(09:41 / Allies) TIMG4STRok: wood woowowodo
(09:50 / Allies) TIMG4STRok: keep wooding me
(09:51 / Allies) TIMG4STRok: non stop
(09:58 / Allies) SMERBECK: wonderful.
(10:07 / All) Cranky[1]Deank: my english is good stupid child
(10:22 / Allies) SMERBECK: tower me now
(10:23 / All) MyCreation: My English is good, stupid child.*
(10:46 / All) Cranky[1]Deank: yes use . and , stupid bastard
(11:05 / Allies) BEEBOOPIMAROBOT: TOWER
(11:27 / Allies) SMERBECK: one of you three really should have crept them
(11:28 / Allies) SMERBECK: lol
(11:50 / Allies) BEEBOOPIMAROBOT: Gimme
(11:51 / Allies) BEEBOOPIMAROBOT: tons
(11:53 / Allies) BEEBOOPIMAROBOT: of resources
(11:57 / Allies) TIMG4STRok: WOOD
(11:58 / Allies) TIMG4STRok: wood
(12:17 / Allies) SMERBECK: jesus christ
(12:20 / Allies) SMERBECK: you better be building
(12:25 / Allies) SMERBECK: some kind of giant contraption
(12:26 / Allies) SMERBECK: with all this
(12:34 / Allies) TIMG4STRok: all this 400 wood
(12:38 / Allies) SMERBECK: usually
(12:40 / Allies) SMERBECK: you have no feeder
(12:44 / Allies) SMERBECK: and you guys are more productive
(12:46 / Allies) SMERBECK: than this
(12:47 / Allies) TIMG4STRok: i didnt make that many worker
(13:10 / Allies) TIMG4STRok: tryingto sapper
(13:12 / Allies) TIMG4STRok: lamo
(13:17 / Allies) SMERBECK: tower.
(13:21 / Allies) BEEBOOPIMAROBOT: go
(13:22 / Allies) BEEBOOPIMAROBOT: yop
(13:23 / Allies) BEEBOOPIMAROBOT: give me
(13:25 / Allies) BEEBOOPIMAROBOT: TONS of gold
(13:26 / Allies) BEEBOOPIMAROBOT: before i go into upkeep
(13:27 / All) Cranky[1]Deank: oh
(13:28 / Allies) BEEBOOPIMAROBOT: i mean like
(13:28 / Allies) BEEBOOPIMAROBOT: tons
(14:03 / Allies) SMERBECK: jill come
(14:04 / Allies) SMERBECK: quickl
(14:10 / Allies) MyCreation: quickl
(14:30 / Allies) TIMG4STRok: BRING ME a wisp keith
(14:32 / Allies) TIMG4STRok: going up top
(14:42 / Allies) SMERBECK: 2 are rallied
(14:43 / Allies) SMERBECK: to ur am
(14:54 / Allies) SMERBECK: 2 wisps
(14:55 / Allies) SMERBECK: on ur am
(15:06 / Allies) SMERBECK: FUCK
(15:20 / Allies) SMERBECK: omw
(15:22 / Allies) TIMG4STRok: we're fine
(15:27 / Allies) TIMG4STRok: expos atre only thing that matters
(15:35 / Allies) TIMG4STRok: expand
(15:36 / Allies) SMERBECK: the rest
(15:38 / Allies) SMERBECK: are tping oin
(15:38 / Allies) SMERBECK: lol
(15:50 / Allies) SMERBECK: about 300 food
(15:53 / Allies) SMERBECK: worth of nice armies
(15:54 / Allies) TIMG4STRok: wod
(15:54 / Allies) TIMG4STRok: wood
(16:13 / Allies) TIMG4STRok: make shop up here
(16:19 / Allies) SMERBECK: donie
(16:33 / Allies) BEEBOOPIMAROBOT: gold me
(16:34 / All) Cranky[1]Deank: gg
(16:35 / All) Cranky[1]Deank: :D
(16:51 / Allies) TIMG4STRok: wood
(16:52 / Allies) TIMG4STRok: me
(16:53 / All) MyCreation: oh no our elves useless main
(16:59 / All) K-s9.HelariouS: tower td?
(17:00 / Allies) SMERBECK: fuck you
(17:01 / Allies) SMERBECK: i liked it
(17:09 / Allies) TIMG4STRok: dont ever stop
(17:11 / Allies) TIMG4STRok: giving me wood
(17:19 / Allies) TIMG4STRok: can we save this
(17:20 / Allies) MyCreation: tim likes wood
(17:26 / Allies) SMERBECK: tt
(18:06 / Allies) TIMG4STRok: WOOD
(18:08 / Allies) BEEBOOPIMAROBOT: gold me
(18:21 / Allies) BEEBOOPIMAROBOT: more gold
(19:31 / Allies) TIMG4STRok: gotta take this
(20:45 / Allies) MyCreation: sources for hall
(21:40 / Allies) BEEBOOPIMAROBOT: gold ,e
(21:41 / Allies) BEEBOOPIMAROBOT: me
(22:21 / Allies) SMERBECK: can anything fly up and clear it
(22:22 / Allies) TIMG4STRok: zeppelin here
(22:23 / Allies) TIMG4STRok: tae it
(22:48 / Allies) SMERBECK: need someone
(22:49 / All) K-s9.HelariouS: archers power
(22:49 / All) u-esports.dark: lol noooobs
(22:50 / All) K-s9.HelariouS: XD
(22:50 / Allies) SMERBECK: to creep it with me
(22:56 / Allies) SMERBECK: red im taking ur panda
(22:56 / Allies) SMERBECK: up top
(22:59 / Allies) BEEBOOPIMAROBOT: EXPAND
(23:48 / Allies) TIMG4STRok: KEITH take all expos on ground
(23:52 / Allies) SMERBECK: am at the moment
(24:34 / Allies) BEEBOOPIMAROBOT: GOLD ,e
(24:37 / Allies) SMERBECK: keep a keen eye planted on their ledge expos
(24:47 / Allies) TIMG4STRok: jill tower please
(24:50 / Allies) TIMG4STRok: and that potion is v good
(24:51 / Allies) TIMG4STRok: somebody take
(24:53 / Allies) MyCreation: your kidding right
(25:06 / Allies) MyCreation: ok
(25:10 / Allies) MyCreation: now ill tower it
(25:11 / Allies) BEEBOOPIMAROBOT: fast
(25:20 / Allies) SMERBECK: too late
(25:22 / Allies) SMERBECK: they got it
(25:25 / Allies) SMERBECK: dang
(25:27 / Allies) SMERBECK: dont worry now
(25:27 / Allies) SMERBECK: sec
(25:29 / Allies) SMERBECK: we need
(25:30 / Allies) TIMG4STRok: TAKE IT again
(25:34 / Allies) SMERBECK: im going to but
(25:37 / Allies) SMERBECK: we need shit here
(25:46 / Allies) TIMG4STRok: yeah got my dhawks assembled
(25:47 / All) Cranky[1]Deank: rusinet?
(25:54 / All) MyCreation: chinanet
(26:11 / All) BEEBOOPIMAROBOT: eat shit nigger
(26:15 / Allies) TIMG4STRok: DONT BUIld on edge
(26:17 / Allies) TIMG4STRok: they can attack
(26:42 / Allies) SMERBECK: jeez
(26:48 / All) MyCreation: hackernet?
(26:59 / All) Cranky[1]Deank: sure
(27:00 / Allies) MyCreation: \empty
(27:07 / All) Cranky[1]Deank: idiot
(27:07 / Allies) SMERBECK: i cant take any more expos
(27:10 / Allies) SMERBECK: im at 50 food
(27:11 / Allies) SMERBECK: lol
(27:18 / Allies) TIMG4STRok: let jill take top
(27:20 / Allies) SMERBECK: going to pop some wood
(27:20 / Allies) TIMG4STRok: just feed her
(27:20 / Allies) SMERBECK: wisps
(27:23 / Allies) SMERBECK: k
(27:25 / Allies) MyCreation: i cant atm
(27:27 / Allies) MyCreation: wyr,s
(27:34 / Allies) TIMG4STRok: i got dhawk
(27:34 / Allies) SMERBECK: he haas hawks
(27:35 / Allies) SMERBECK: there
(27:36 / Allies) TIMG4STRok: you make some too
(27:36 / Allies) SMERBECK: try again
(27:45 / Allies) SMERBECK: chimz
(28:28 / All) SMERBECK: green fuck you
(28:29 / All) BEEBOOPIMAROBOT: HOLD UP
(28:37 / All) SMERBECK: keep it pauysed NIGGER
(28:37 / Allies) BEEBOOPIMAROBOT: HOLD
(28:38 / All) SMERBECK: KEEP IT PAUSED
(28:40 / All) K-s9.HelariouS: ulows
(28:43 / All) SMERBECK: you just fucked up real bad green
(28:47 / All) SMERBECK: i want to pause and let you know
(29:09 / All) SMERBECK: if you guys are going to do the averange northrend faggot
(29:13 / All) SMERBECK: 2 ne 2 ud feed
(29:16 / All) SMERBECK: get some decent uds
(29:25 / All) MyCreation: lol burn!
(29:35 / All) SMERBECK: im dead serious, green is the quality of the average player
(29:40 / All) SMERBECK: in the Night Elf Tree of Life channel
(29:46 / All) MyCreation: ROFLMAO!!!
(29:48 / Allies) BEEBOOPIMAROBOT: FEEED ME
(29:50 / Allies) TIMG4STRok: TAKE ledges
(29:50 / Allies) BEEBOOPIMAROBOT: FEED ME GOLD
(29:52 / Allies) TIMG4STRok: they lost a lot
(29:52 / All) SMERBECK: pretty quiet now green
(29:55 / All) SMERBECK: ;[
(30:00 / Allies) TIMG4STRok: game is over i think
(30:02 / Allies) SMERBECK: easily
(30:03 / Allies) SMERBECK: its over
(30:06 / Allies) SMERBECK: i got 10k
(30:08 / Allies) SMERBECK: well 7k now
(30:12 / Allies) SMERBECK: and 30k more guareteed
(30:25 / Allies) SMERBECK: im gonna get robo now
(30:41 / All) SMERBECK: You, you fucking Euro dogs
(30:44 / All) SMERBECK: why so quiet
(30:48 / All) MyCreation: asia #1
(30:55 / Allies) SMERBECK: YOURE NOT A EURO DOG
(31:10 / Allies) TIMG4STRok: nice
(31:11 / Allies) TIMG4STRok: nice
(31:12 / Allies) TIMG4STRok: nice
(31:12 / All) MyCreation: OWNED
(31:12 / Allies) TIMG4STRok: nice
(31:27 / All) SMERBECK: You you guys suck, and have fake pro gamer
(31:28 / All) SMERBECK: esports names
(31:34 / All) SMERBECK: arent you supposed to be good?
(32:02 / All) SMERBECK: ;/
(32:21 / All) SMERBECK: Green, remember when you fucked up real bad and I paused the game
(32:26 / All) SMERBECK: to try and make you understand how bad you are?
(32:28 / All) Cranky[1]Deank: mowl
(32:31 / All) MyCreation: northrend? more like hackerend!
(32:35 / All) SMERBECK: mowl
(32:37 / All) TIMG4STRok: to reflect upon how bad at this game you are
(32:38 / All) SMERBECK: mowl!
(32:46 / Allies) BEEBOOPIMAROBOT: LMAO
(32:50 / All) SMERBECK: Yes, pulled the ol' "pause and reflect"
(32:59 / Allies) SMERBECK: lol
(33:10 / Allies) MyCreation: w00d
(33:16 / Allies) SMERBECK: sayplz
(33:21 / Allies) MyCreation: plz
(33:56 / All) SMERBECK: Guys, who wants to make a bet
(33:57 / All) MyCreation: "mass towers only works on americans would never work on euro server"
(33:59 / All) MyCreation: lol!!!
(34:01 / All) SMERBECK: green will be the first one to leave
(34:03 / All) SMERBECK: I think he will
(34:06 / All) SMERBECK: because he feels so bad
(34:09 / All) SMERBECK: he let you down
(34:17 / All) SMERBECK: mark my words, green leaves first... ditching his AT team
(34:32 / Allies) BEEBOOPIMAROBOT: yo
(34:34 / Allies) SMERBECK: lol
(34:34 / Allies) TIMG4STRok: KEITH Moonwells please
(34:37 / Allies) SMERBECK: kk
(34:38 / Allies) SMERBECK: lmao
(34:39 / Allies) BEEBOOPIMAROBOT: at each side
(34:40 / Allies) SMERBECK: kk
(35:49 / Allies) SMERBECK: man
(35:51 / Allies) SMERBECK: tinker house
(35:54 / Allies) SMERBECK: up the ledge
(35:55 / Allies) SMERBECK: headly
(35:57 / Allies) SMERBECK: deadly
(36:15 / All) MyCreation: Kesha Wildbarkey
(36:20 / All) MyCreation: Barley***
(37:00 / Allies) SMERBECK: so easy
(37:18 / Allies) TIMG4STRok: MAKINg observatory
(37:19 / Allies) TIMG4STRok: hotkey it
(37:22 / Allies) SMERBECK: hehe
(37:22 / Allies) SMERBECK: lk
(37:31 / Allies) TIMG4STRok: iggy used to make 12 for the each of us
(37:32 / All) MyCreation: do you guys like tds?
(37:34 / Allies) TIMG4STRok: but im too lazy
(38:12 / All) SMERBECK: good move purple
(38:39 / All) MyCreation: yo
(38:41 / All) MyCreation: leave
(38:44 / All) MyCreation: you suck
(39:14 / Allies) SMERBECK: free chims
(39:15 / Allies) SMERBECK: for hawks
(40:11 / Allies) BEEBOOPIMAROBOT: GOLD ME
(40:12 / Allies) BEEBOOPIMAROBOT: TONS OF IT
(40:17 / Allies) BEEBOOPIMAROBOT: sorry if i type in caps
(40:20 / Allies) BEEBOOPIMAROBOT: caps lock is my vent ky
(40:24 / Allies) TIMG4STRok: HEY me too
(40:34 / Allies) SMERBECK: 20k should do
(40:47 / Allies) MyCreation: there
(40:52 / Allies) MyCreation: no more purple sneak ins
(41:33 / All) SMERBECK: from the depths of his backpack
(41:36 / All) SMERBECK: comes.. a tank
(42:10 / All) SMERBECK: Talk about a Riket(y) Contraption
(42:14 / Allies) TIMG4STRok: lmao
(42:33 / Allies) TIMG4STRok: yo im outta gold
(42:43 / All) SMERBECK: Green, are you aware your Dk has boots on it
(43:11 / Allies) SMERBECK: i got 3.5k left
(43:12 / Allies) SMERBECK: then im out
(43:17 / Allies) SMERBECK: gave red 20k so
(43:20 / Allies) SMERBECK: we've still got tons tho
(43:33 / Allies) BEEBOOPIMAROBOT: i have 15k
(43:35 / Allies) SMERBECK: perfect
(43:38 / Allies) SMERBECK: lol
(43:45 / Allies) MyCreation: 4k 5.5 in mine
(43:53 / Allies) BEEBOOPIMAROBOT: 2 dragons
(43:54 / Allies) BEEBOOPIMAROBOT: so far
(43:55 / Allies) BEEBOOPIMAROBOT: when i hit 5
(43:57 / Allies) BEEBOOPIMAROBOT: its gg
(43:58 / Allies) SMERBECK: ^^
(44:39 / All) MyCreation: why does the dragonhawk rider have a lance if his hawk shoots magic missles?????
(44:52 / Allies) SMERBECK: yo follow me
(44:56 / All) SMERBECK: i got a secret place
(45:02 / All) SMERBECK: follow me yello
(45:31 / Allies) BEEBOOPIMAROBOT: EXPAND
(45:38 / Allies) SMERBECK: :[
(45:49 / Allies) MyCreation: i got top one
(46:04 / Allies) SMERBECK: tree hiding
(46:13 / All) MyCreation: sup blue
(46:20 / All) MyCreation: whatcha doin there buddy
(46:31 / All) SMERBECK: ok lets take bets on when they leave
(46:36 / All) SMERBECK: what their last line will be
(46:42 / All) SMERBECK: I say "gg noob lamers"
(46:45 / All) SMERBECK: then they leave
(46:48 / All) SMERBECK: any other bets?
(46:51 / All) MyCreation: and how many times they got ass raped as a child
(46:56 / All) SMERBECK: rofl
(47:00 / All) SMERBECK: so guys dont, let us down
(47:02 / All) SMERBECK: when you leave
(47:06 / All) SMERBECK: make sure to say something really good first
(47:08 / Allies) SMERBECK: ok?
(47:09 / All) SMERBECK: ok?
(47:12 / All) BEEBOOPIMAROBOT: nope
(47:15 / All) BEEBOOPIMAROBOT: NOPE
(47:24 / All) SMERBECK: let green think of it though
(47:30 / All) SMERBECK: He's had ample time to think of one
(47:33 / Allies) MyCreation: did u know buildings being unsummoned are magic immune
(47:34 / All) SMERBECK: since he is so horrid.
(47:37 / Allies) SMERBECK: yes
(47:40 / Allies) SMERBECK: lol
(47:45 / Allies) SMERBECK: wyrms cant hit them :[
(48:25 / All) MyCreation: http://highper.ch for 100 replays of you getting owned
(48:27 / All) SMERBECK: Someone controlling greens units for him yet?
(48:32 / All) SMERBECK: I sure hope so.
(48:48 / All) Cranky[1]Deank: blablabla green...
(48:50 / All) Cranky[1]Deank: :D
(48:56 / All) MyCreation: hey green
(49:05 / All) MyCreation: im better then you at wc3!
(49:15 / All) SMERBECK: So guys, we've given you ample time
(49:17 / Allies) BEEBOOPIMAROBOT: SEC
(49:20 / All) SMERBECK: to think of the "insulting" line
(49:21 / Allies) SMERBECK: you
(49:22 / All) MyCreation: SEC
(49:22 / All) SMERBECK: OHH
(49:24 / Allies) SMERBECK: the real life line
(49:28 / All) SMERBECK: should have put money on that
(49:30 / All) SMERBECK: the real life line
(49:36 / All) MyCreation: you know
(49:43 / All) MyCreation: when you spend an hour just to lose a video game
(49:47 / All) MyCreation: your real life sucks bro
(49:51 / Allies) SMERBECK: i dont wanna killl em
(49:53 / Allies) SMERBECK: :[
(50:02 / Allies) MyCreation: then lets not
(50:05 / Allies) MyCreation: lets tower the whole map
(50:08 / Allies) SMERBECK: hehe
(50:35 / Allies) MyCreation: no staffing or laughing for you tim
(50:54 / Allies) BEEBOOPIMAROBOT: READY
(51:08 / Allies) TIMG4STRok: ILL CLOUD
(51:10 / Allies) TIMG4STRok: you hawk jill
(51:36 / All) MyCreation: panda > archer power
(52:10 / All) SMERBECK: k
(52:14 / All) SMERBECK: the lines are coming soon
(52:17 / All) MyCreation: say something
(52:19 / All) MyCreation: quick
(52:21 / All) TIMG4STRok: mowl
(52:22 / All) SMERBECK: mowl
(52:23 / All) BEEBOOPIMAROBOT: YOU GUYS SUCK
(52:24 / All) Cranky[1]Deank: xD
(52:26 / All) BEEBOOPIMAROBOT: AHGAJHA
(52:27 / All) BEEBOOPIMAROBOT: haGAG
(52:32 / All) SMERBECK: the old xD
(52:34 / All) SMERBECK: ahhh
(52:36 / All) SMERBECK: pause and reflect
(52:40 / All) SMERBECK: ;[